 Dungeon Crawl Stone Soup version 0.21.3-3-g218456f21e (webtiles) character file.

9734 MordorOrchid the Reanimator (level 11, 0/81 HPs)
             Began as a Gnoll Necromancer on June 30, 2020.
             Was an Elder of Makhleb.
             Slain by a small abomination (9 damage)
             ... on level 2 of the Abyss.
             The game lasted 01:07:10 (6892 turns).

MordorOrchid the Reanimator (Gnoll Necromancer)     Turns: 6892, Time: 01:07:10

Health: 0/81       AC:  7    Str: 11    XL:     11   Next: 51%
Magic:  0/32       EV: 16    Int: 21    God:    Makhleb [****..]
Gold:   362        SH:  0    Dex: 20    Spells: 4/26 levels left

rFire    . . .     SeeInvis .   T - +4 whip "Saloj" {slash, Dex+5}
rCold    . . .     Gourm    .   (no shield)
rNeg     . . .     Faith    .   q - +0 ring mail
rPois    +         Spirit   +   w - +0 helmet
rElec    .         Reflect  .   W - scarf {repulsion}
rCorr    .         Harm     .   (no gloves)
MR       .....                  (no boots)
Stlth    +++.......             Q - amulet of guardian spirit
HPRegen  0.23/turn              d - ring of magical power
MPRegen  0.23/turn              g - ring of poison resistance

@: repel missiles
A: distributed training, fangs 1, strong nose
a: Minor Destruction, Lesser Servant of Makhleb, Major Destruction, Renounce
Religion


You were on level 2 of the Abyss.
You worshipped Makhleb.
Makhleb was greatly pleased with you.
You were not hungry.

You visited 1 branch of the dungeon, and saw 10 of its levels.
You visited the Abyss 1 time.

You collected 623 gold pieces.
You spent 261 gold pieces at shops.

Inventory:

Hand Weapons
 b - a +0 blowgun
 j - a +0 hunting sling of freezing
 y - a +5 dagger of draining
 J - a +1 short sword of holy wrath
 T - the +4 whip "Saloj" (weapon) {slash, Dex+5}
   (You bought it in a shop on level 6 of the Dungeon)

   It inflicts extra damage upon your enemies.
   It affects your dexterity (+5).
Missiles
 e - 27 bolts
 l - 194 stones (quivered)
 t - 193 arrows
 Z - 8 curare-tipped needles
Armour
 q - a +0 ring mail (worn)
 w - a +0 helmet (worn)
 A - a +0 large shield
 E - the +5 robe of a treasure trove {-Cast rElec rN++ Str+3}
   (You took it off an orc on level 4 of the Dungeon)

   It affects your strength (+3).
   It insulates you from electricity.
   It greatly protects you from negative energy.
   It prevents spellcasting.
 R - the +1 robe "Fyfuonug" {rC+, unknown}
   (You found it on level 2 of the Abyss)

   It protects you from cold.
 V - a +2 robe of fire resistance
 W - a scarf of repulsion (worn)
Magical Staves
 a - an uncursed staff of death
Jewellery
 d - a ring of magical power (left hand)
 g - a ring of poison resistance (right hand)
 G - an uncursed ring of teleportation
 K - a +4 ring of intelligence
 Q - an amulet of guardian spirit (around neck)
Wands
 k - a wand of paralysis (27)
 s - a wand of random effects (3)
 D - a wand of iceblast (3)
 U - a wand of flame (64)
Scrolls
 f - a scroll of remove curse
 i - a scroll of immolation {unknown}
 m - a scroll of random uselessness {unknown}
 o - 4 scrolls of teleportation
 z - a scroll of enchant weapon {unknown}
 B - a scroll of blinking {unknown}
 I - a scroll of fear {unknown}
 L - 2 scrolls of amnesia {unknown}
 O - a scroll of enchant armour {unknown}
 S - a scroll of holy word {unknown}
Potions
 h - a potion of mutation {unknown}
 p - a potion of haste
 r - a potion of cancellation
 v - 3 potions of curing
 x - 3 potions of resistance
 F - a potion of agility
 N - a potion of lignification {unknown}
 P - a potion of might {unknown}
Books
 u - An Early Guide to Wizardry
   (You found it on level 2 of the Abyss)

   Spells                             Type                      Level
   a - Throw Flame                    Conjuration/Fire             2
   b - Throw Frost                    Conjuration/Ice              2
   c - Slow                           Hexes                        2
   d - Corpse Rot                     Necromancy                   2
   e - Call Imp                       Summoning                    2
 C - a book of Geomancy

   Spells                             Type                      Level
   a - Sandblast                      Earth                        1
   b - Passwall                       Transmutation/Earth          2
   c - Stone Arrow                    Conjuration/Earth            3
   d - Petrify                        Transmutation/Earth          4
   e - Lee's Rapid Deconstruction     Earth                        5
 H - a Young Poisoner's Handbook

   Spells                             Type                      Level
   a - Sting                          Conjuration/Poison           1
   b - Poisonous Vapours              Poison/Air                   2
   c - Mephitic Cloud                 Conjuration/Poison/Air       3
   d - Olgreb's Toxic Radiance        Poison                       4
   e - Venom Bolt                     Conjuration/Poison           5
Comestibles
 c - 18 rations


   Skills:
 + Level 6.2 Fighting
 + Level 6.2 Short Blades
 + Level 6.2 Long Blades
 + Level 6.2 Axes
 + Level 6.2 Maces & Flails
 + Level 6.2 Polearms
 + Level 6.2 Staves
 + Level 6.2 Slings
 + Level 6.2 Bows
 + Level 6.2 Crossbows
 + Level 6.2 Throwing
 + Level 6.2 Armour
 + Level 7.8 Dodging
 + Level 7.6 Stealth
 + Level 6.2 Shields
 + Level 6.2 Unarmed Combat
 + Level 8.1 Spellcasting
 + Level 5.1 Conjurations
 + Level 5.1 Hexes
 + Level 5.1 Charms
 + Level 5.1 Summonings
 + Level 8.9 Necromancy
 + Level 5.1 Translocations
 + Level 5.1 Transmutations
 + Level 5.1 Fire Magic
 + Level 5.1 Ice Magic
 + Level 5.1 Air Magic
 + Level 5.1 Earth Magic
 + Level 5.1 Poison Magic
 + Level 6.8 Invocations
 + Level 6.2 Evocations


You had 4 spell levels left.
You knew the following spells:

 Your Spells              Type           Power        Failure   Level  Hunger
a - Pain                  Necr           ####         1%          1    None
b - Vampiric Draining     Necr           #####.....   1%          3    None
g - Mephitic Cloud        Conj/Pois/Air  ####....     6%          3    None
k - Regeneration          Chrm/Necr      #####.....   2%          3    None
u - Animate Skeleton      Necr           N/A          1%          1    None
w - Passwall              Tmut/Erth      ####......   3%          2    None
E - Borgnjor's Vile Clut  Necr/Erth      #####.....   26%         5    #####..
U - Animate Dead          Necr           N/A          4%          4    ###....


Dungeon Overview and Level Annotations

Branches:
Dungeon (10/15)            Temple (0/1) D:5            Lair (0/6) D:9
    Orc: D:9-12

Altars:
Cheibriados
Dithmenos
Fedhas
Gozag
Hepliaklqana
Kikubaaqudgha
Makhleb
Okawaru
Sif Muna
Trog
Wu Jian
Xom

Shops:
D:5 }   D:6 (   D:7 *   D:9 [

Annotations:
D:7 exclusion: skeleton
D:9 exclusion: upstairs, Sonja
D:10 Fannar


Innate Abilities, Weirdness & Mutations

Your experience applies equally to all skills.
You have very sharp teeth.
Your uncanny sense of smell can sniff out nearby items.


Message History

You eat one of the 19 rations.
That ration really hit the spot!
A small abomination comes into view.
A small abomination is nearby!
Unknown command.
You catch the helpless small abomination completely off-guard!
You hit the small abomination.
You bite the small abomination, but do no damage.
The small abomination is moderately damaged.
The small abomination closely misses you.
You closely miss the small abomination. Your bite misses the small abomination.
The small abomination is moderately damaged.
The small abomination hits you!
* * * LOW HITPOINT WARNING * * *
You hit the small abomination but do no damage.
The small abomination is moderately damaged.
The small abomination barely misses you.
You hit the small abomination.
The small abomination is moderately damaged.
The small abomination hits you!!
You die...

#. . ..
##.#### ##
... ....#
# ..#.##
#.##.#..(.
#.#..#.#
......#..#
##x.....#
#@#. ## #
###.#.. .
∆#.#..##
#. .# . .
... .. ...
. ∆


You could see a small abomination.

Vanquished Creatures
  A tentacled starspawn (Abyss:2)
  2 two-headed ogres (D:9)
  Psyche (D:10)
  An orange demon (Abyss:2)
  A troll (D:9)
  Prince Ribbit (D:9)
  A hornet (D:9)
  4 raiju (Abyss:2)
  A vampire (D:9)
  Sigmund (D:6)
  A wyvern (D:9)
  3 wargs (D:9)
  A water moccasin (D:7)
  An orc warrior (D:10)
  3 black bears
  An ice beast (D:6)
  2 sky beasts
  4 ogres
  A centaur (D:6)
  8 bullfrogs
  A big kobold (D:9)
  4 scorpions
  6 killer bees (D:9)
  2 crimson imps
  A bullfrog zombie (D:6)
  A centaur zombie (D:4)
  A jelly (D:5)
  3 hounds
  A centaur skeleton (D:7)
  6 orc priests
  10 orc wizards
  A bullfrog skeleton (D:5)
  An iron imp (D:5)
  Jessica (D:9)
  5 iguanas
  5 worker ants
  A hound skeleton (D:6)
  A howler monkey zombie (D:9)
  2 worker ant zombies (D:6)
  10 adders
  2 oozes
  2 worms
  4 dart slugs
  7 leopard geckos
  29 orcs
  A ball python (D:3)
  4 giant cockroaches
  8 goblins
  3 hobgoblins
  14 jackals
  5 quokkas
  6 bats
  8 frilled lizards
  9 kobolds
  A leopard gecko skeleton (D:7)
  A quokka skeleton (D:4)
  8 rats
  A starspawn tentacle (Abyss:2)
215 creatures vanquished.

Vanquished Creatures (collateral kills)
  An orange demon (Abyss:2)
  The ghost of P0WERM0DE the Grave Robber, an amateur OpNe of Cheibriados (D:5)
  A human (D:9)
  A hungry ghost (D:9)
  A sky beast (D:6)
  2 phantoms (D:9)
  A bullfrog (D:9)
  2 scorpions (D:6)
  A crimson imp (D:7)
  An orc priest (D:10)
  2 hounds
  A bullfrog skeleton (D:9)
  2 orc wizards
  A hound zombie (D:7)
  A hound skeleton (D:4)
  A worker ant zombie (D:9)
  A gnoll (D:1)
  An ooze (D:1)
  2 leopard geckos
  6 orcs
  2 giant cockroaches
  A quokka (D:6)
  A bat (D:1)
34 creatures vanquished.

Vanquished Creatures (others)
  A human (D:8)
  7 starspawn tentacles (Abyss:2)
8 creatures vanquished.

Grand Total: 257 creatures vanquished

Notes
Turn   | Place    | Note
-------+----------+-------------------------------------------
     0 | D:1      | MordorOrchid the Gnoll Necromancer began the quest for the Orb.
     0 | D:1      | Reached XP level 1. HP: 13/13 MP: 6/6
    52 | D:1      | Learned a level 1 spell: Animate Skeleton
   131 | D:1      | Reached XP level 2. HP: 17/19 MP: 5/7
   313 | D:1      | Reached XP level 3. HP: 11/25 MP: 3/9
   353 | D:1      | Reached skill level 5 in Spellcasting
   410 | D:1      | Learned a level 3 spell: Vampiric Draining
   511 | D:1      | Learned a level 3 spell: Regeneration
   534 | D:1      | Reached skill level 1 in Invocations
   688 | D:2      | Reached skill level 1 in Fighting
   688 | D:2      | Reached skill level 1 in Short Blades
   688 | D:2      | Reached skill level 1 in Long Blades
   688 | D:2      | Reached skill level 1 in Axes
   688 | D:2      | Reached skill level 1 in Maces & Flails
   688 | D:2      | Reached skill level 1 in Polearms
   688 | D:2      | Reached skill level 1 in Staves
   688 | D:2      | Reached skill level 1 in Slings
   688 | D:2      | Reached skill level 1 in Bows
   688 | D:2      | Reached skill level 1 in Crossbows
   688 | D:2      | Reached skill level 1 in Throwing
   688 | D:2      | Reached skill level 1 in Armour
   688 | D:2      | Reached skill level 1 in Shields
   688 | D:2      | Reached skill level 1 in Unarmed Combat
   688 | D:2      | Reached skill level 1 in Evocations
   731 | D:2      | Reached XP level 4. HP: 11/32 MP: 6/11
   734 | D:2      | Found a blossoming altar of Fedhas.
   749 | D:2      | Noticed an ice beast
   856 | D:2      | Found a shimmering altar of Xom.
   931 | D:2      | Found an opulent altar of Gozag.
  1172 | D:3      | Reached skill level 1 in Conjurations
  1172 | D:3      | Reached skill level 1 in Hexes
  1172 | D:3      | Reached skill level 1 in Charms
  1172 | D:3      | Reached skill level 1 in Summonings
  1172 | D:3      | Reached skill level 1 in Translocations
  1172 | D:3      | Reached skill level 1 in Transmutations
  1172 | D:3      | Reached skill level 1 in Fire Magic
  1172 | D:3      | Reached skill level 1 in Ice Magic
  1172 | D:3      | Reached skill level 1 in Air Magic
  1172 | D:3      | Reached skill level 1 in Earth Magic
  1172 | D:3      | Reached skill level 1 in Poison Magic
  1284 | D:3      | Noticed a bullfrog
  1287 | D:3      | Killed a bullfrog
  1287 | D:3      | Reached XP level 5. HP: 37/37 MP: 12/12
  1331 | D:3      | Learned a level 5 spell: Borgnjor's Vile Clutch
  1776 | D:4      | Reached XP level 6. HP: 40/44 MP: 8/13
  1929 | D:4      | Reached skill level 5 in Dodging
  1952 | D:4      | Found a burning altar of Makhleb.
  1952 | D:4      | Found a shadowy altar of Dithmenos.
  1956 | D:4      | Became a worshipper of Makhleb the Destroyer
  2073 | D:4      | Reached XP level 7. HP: 50/50 MP: 3/15
  2140 | D:4      | Found an iron altar of Okawaru.
  2146 | D:4      | Found a bloodstained altar of Trog.
  2229 | D:4      | Got a crude robe
  2315 | D:4      | Identified the +5 robe of a treasure trove {-Cast rElec rN++ Str+3} (You took it off an orc on level 4 of the Dungeon)
  2330 | D:4      | Learned a level 4 spell: Animate Dead
  2376 | D:5      | Entered Level 5 of the Dungeon
  2376 | D:5      | Found Iwo Xosh's Gadget Shop.
  2412 | D:5      | Noticed P0WERM0DE's ghost (amateur OpNe)
  2483 | D:4      | Reached * piety under Makhleb
  2576 | D:5      | Found a snail-covered altar of Cheibriados.
  2716 | D:5      | Reached skill level 5 in Stealth
  2845 | D:5      | Killed P0WERM0DE's ghost
  2845 | D:5      | Reached XP level 8. HP: 49/57 MP: 16/16
  2981 | D:5      | Found a staircase to the Ecumenical Temple.
  3303 | D:6      | Found Fonuts's Antique Weapon Boutique.
  3311 | D:6      | Bought a dazzling whip for 202 gold pieces
  3311 | D:6      | Identified the +4 whip "Saloj" {slash, Dex+5} (You bought it in a shop on level 6 of the Dungeon)
  3338 | D:6      | Noticed Sigmund
  3378 | D:6      | Killed Sigmund
  3562 | D:6      | Reached XP level 9. HP: 53/65 MP: 18/18
  4022 | D:7      | Reached ** piety under Makhleb
  4036 | D:7      | Found Ruhath's Serpentskin Sales.
  4049 | D:7      | Bought 7 curare-tipped needles for 46 gold pieces
  4049 | D:7      | Bought 2 curare-tipped needles for 13 gold pieces
  4192 | D:6      | Found a shadowy altar of Dithmenos.
  4313 | D:7      | Identified a scroll of acquirement
  4339 | D:7      | Found a hazy altar of Hepliaklqana.
  4501 | D:7      | Learned a level 2 spell: Passwall
  4814 | D:8      | Found a shimmering altar of Xom.
  4830 | D:8      | Found an ancient bone altar of Kikubaaqudgha.
  4864 | D:8      | Noticed a two-headed ogre
  5161 | D:8      | Found an ornate altar of the Wu Jian Council.
  5233 | D:9      | Noticed a hornet
  5276 | D:9      | Noticed a troll
  5284 | D:9      | Killed a troll
  5284 | D:9      | Reached skill level 5 in Invocations
  5343 | D:9      | Reached XP level 10. HP: 53/73 MP: 20/20
  5415 | D:9      | Noticed a two-headed ogre
  5424 | D:9      | Killed a two-headed ogre
  5424 | D:9      | Reached skill level 5 in Fighting
  5424 | D:9      | Reached skill level 5 in Short Blades
  5424 | D:9      | Reached skill level 5 in Long Blades
  5424 | D:9      | Reached skill level 5 in Axes
  5424 | D:9      | Reached skill level 5 in Maces & Flails
  5424 | D:9      | Reached skill level 5 in Polearms
  5424 | D:9      | Reached skill level 5 in Staves
  5424 | D:9      | Reached skill level 5 in Slings
  5424 | D:9      | Reached skill level 5 in Bows
  5424 | D:9      | Reached skill level 5 in Crossbows
  5424 | D:9      | Reached skill level 5 in Throwing
  5424 | D:9      | Reached skill level 5 in Armour
  5424 | D:9      | Reached skill level 5 in Shields
  5424 | D:9      | Reached skill level 5 in Unarmed Combat
  5424 | D:9      | Reached skill level 5 in Evocations
  5498 | D:9      | Found Wegak's Armour Boutique.
  5537 | D:9      | Found a deep blue altar of Sif Muna.
  5538 | D:9      | Noticed Jessica
  5539 | D:9      | Killed Jessica
  5640 | D:9      | Found a staircase to the Lair.
  5651 | D:9      | Reached *** piety under Makhleb
  5808 | D:9      | Got a polished long sword
  5809 | D:9      | Identified the cursed +1 long sword of Destruction {distort, MR- Dex+4 Stlth+} (You found it on level 9 of the Dungeon)
  5877 | D:9      | Noticed a two-headed ogre
  5883 | D:9      | Killed a two-headed ogre
  6053 | D:10     | Entered Level 10 of the Dungeon
  6053 | D:10     | Noticed Psyche
  6057 | D:10     | Noticed Fannar
  6061 | D:10     | Killed Psyche
  6061 | D:10     | Reached XP level 11. HP: 46/81 MP: 1/22
  6208 | D:9      | Noticed Prince Ribbit
  6222 | D:9      | Killed Prince Ribbit
  6343 | D:10     | Noticed Sonja
  6364 | D:10     | Reached **** piety under Makhleb
  6369 | D:9      | Cast into level 2 of the Abyss (Sonja)
  6371 | Abyss:2  | Identified An Early Guide to Wizardry
  6377 | Abyss:2  | Got a bloodstained robe
  6442 | Abyss:2  | Noticed a tentacled starspawn
  6483 | Abyss:2  | Learned a level 3 spell: Mephitic Cloud
  6541 | Abyss:2  | Killed a tentacled starspawn
  6541 | Abyss:2  | Reached skill level 5 in Conjurations
  6541 | Abyss:2  | Reached skill level 5 in Hexes
  6541 | Abyss:2  | Reached skill level 5 in Charms
  6541 | Abyss:2  | Reached skill level 5 in Summonings
  6541 | Abyss:2  | Reached skill level 5 in Translocations
  6541 | Abyss:2  | Reached skill level 5 in Transmutations
  6541 | Abyss:2  | Reached skill level 5 in Fire Magic
  6541 | Abyss:2  | Reached skill level 5 in Ice Magic
  6541 | Abyss:2  | Reached skill level 5 in Air Magic
  6541 | Abyss:2  | Reached skill level 5 in Earth Magic
  6541 | Abyss:2  | Reached skill level 5 in Poison Magic
  6707 | Abyss:2  | Noticed a starcursed mass
  6723 | Abyss:2  | Found an opulent altar of Gozag.
  6800 | Abyss:2  | Noticed a tentacled starspawn
  6833 | Abyss:2  | Noticed a rakshasa
  6835 | Abyss:2  | HP: 2/81 [large abomination (19)]
  6892 | Abyss:2  | Slain by a small abomination

Skill      XL: |  1  2  3  4  5  6  7  8  9 10 11 |
---------------+----------------------------------+-----
Spellcasting   | 5 6 7 8 |  8.1
Invocations    | 1 2 3 4 5 6 |  6.8
Fighting       | 1 2 3 4 5 6 |  6.2
Short Blades   | 1 2 3 4 5 6 |  6.2
Long Blades    | 1 2 3 4 5 6 |  6.2
Axes           | 1 2 3 4 5 6 |  6.2
Maces & Flails | 1 2 3 4 5 6 |  6.2
Polearms       | 1 2 3 4 5 6 |  6.2
Staves         | 1 2 3 4 5 6 |  6.2
Slings         | 1 2 3 4 5 6 |  6.2
Bows           | 1 2 3 4 5 6 |  6.2
Crossbows      | 1 2 3 4 5 6 |  6.2
Throwing       | 1 2 3 4 5 6 |  6.2
Armour         | 1 2 3 4 5 6 |  6.2
Shields        | 1 2 3 4 5 6 |  6.2
Unarmed Combat | 1 2 3 4 5 6 |  6.2
Evocations     | 1 2 3 4 5 6 |  6.2
Conjurations   | 1 2 3 4 5 |  5.1
Hexes          | 1 2 3 4 5 |  5.1
Charms         | 1 2 3 4 5 |  5.1
Summonings     | 1 2 3 4 5 |  5.1
Translocations | 1 2 3 4 5 |  5.1
Transmutations | 1 2 3 4 5 |  5.1
Fire Magic     | 1 2 3 4 5 |  5.1
Ice Magic      | 1 2 3 4 5 |  5.1
Air Magic      | 1 2 3 4 5 |  5.1
Earth Magic    | 1 2 3 4 5 |  5.1
Poison Magic   | 1 2 3 4 5 |  5.1
Dodging        | 5 6 7 |  7.8
Stealth        | 5 6 7 |  7.6
Necromancy     | 8 |  8.9

Action                   |  1- 3 |  4- 6 |  7- 9 | 10-12 || total
-------------------------+-------+-------+-------+-------++-------
Melee: Dagger            |    39 |    23 |   242 |   168 ||   472
       Bite              |     2 |     1 |    50 |    22 ||    75
       Short sword       |       |       |    52 |    55 ||   107
       Punch             |       |       |     3 |     6 ||     9
       Whip              |       |       |       |    11 ||    11
 Fire: Hunting sling     |       |    46 |    79 |     6 ||   131
       Blowgun           |       |       |       |     5 ||     5
 Cast: Pain              |    33 |    48 |    37 |    22 ||   140
       Animate Skeleton  |    16 |    15 |    29 |    16 ||    76
       Borgnjor's Vile C |       |     3 |       |     7 ||    10
       Vampiric Draining |       |       |     8 |    12 ||    20
       Animate Dead      |       |       |       |     2 ||     2
       Mephitic Cloud    |       |       |       |     2 ||     2
Invok: Lesser Servant of |       |       |       |     4 ||     4
Evoke: Wand              |       |       |    10 |     5 ||    15
  Use: Scroll            |       |     7 |     6 |     4 ||    17
       Potion            |       |     1 |     2 |     7 ||    10
 Stab: Sleeping          |     6 |     7 |    10 |     1 ||    24
       Paralysed         |       |       |     1 |     4 ||     5
       Distracted        |       |       |     1 |     2 ||     3
       Confused          |       |       |       |     2 ||     2
  Eat: Chunk             |       |     3 |    12 |     6 ||    21
       Ration            |       |       |       |     1 ||     1
Armor: Robe              |     5 |       |     2 |       ||     7
       Leather armour    |     3 |     6 |     5 |       ||    14
       Ring mail         |       |       |    58 |    58 ||   116
Dodge: Dodged            |    24 |    18 |   173 |   167 ||   382
       Deflected         |       |       |     2 |     2 ||     4
